 Dungeon Crawl Stone Soup version 0.26-a0-651-gb41185065b (webtiles) character file.

Game seed: 14667730700255937892

64 Apogee the Twirler (level 4, 0/38 HPs)
             Began as a Gnoll Wanderer on Oct 16, 2020.
             Slain by a gnoll
             ... wielding a +0 flail
              (8 damage)
             ... on level 2 of the Dungeon.
             The game lasted 00:03:29 (1600 turns).

Apogee the Twirler (Gnoll Wanderer)                 Turns: 1600, Time: 00:03:30

Health: 0/38       AC:  5    Str: 14    XL:     4   Next: 12%
Magic:  3/8        EV: 17    Int: 12    God:
Gold:   178        SH:  0    Dex: 18    Spells: 7/8 levels left

rFire    . . .     SeeInvis .   a - +2 quarterstaff
rCold    + . .     Faith    .   (shield currently unavailable)
rNeg     . . .     Spirit   .   d - +0 robe
rPois    .         Reflect  .   (no helmet)
rElec    .         Harm     .   i - +1 cloak
rCorr    .         Rampage  .   (no gloves)
MR       .....                  h - +0 pair of boots
Stlth    ++........             (no amulet)
HPRegen  0.12/turn              o - ring of protection from cold
MPRegen  0.11/turn              g - +4 ring of evasion

@: no status effects
A: distributed training, fangs 1, strong nose
a: no special abilities


You were on level 2 of the Dungeon.
You visited 1 branch of the dungeon, and saw 2 of its levels.

You collected 178 gold pieces.

Inventory:

Hand Weapons
 a - a +2 quarterstaff (weapon)
Armour
 d - a +0 robe (worn)
 h - a +0 pair of boots (worn)
   (You found it on level 1 of the Dungeon)
 i - a +1 cloak (worn)
   (You found it on level 1 of the Dungeon)
Jewellery
 g - a +4 ring of evasion (right hand)
   (You found it on level 1 of the Dungeon)
 o - a ring of protection from cold (left hand)
   (You found it on level 2 of the Dungeon)
Scrolls
 b - 2 scrolls of remove curse {unknown}
 c - a scroll of teleportation {@r4}
 e - 2 scrolls of identify {unknown}
 f - a scroll of enchant armour {unknown}
 j - a scroll of fog {unknown}
 k - a scroll of random uselessness {unknown}
Potions
 l - a potion of lignification {unknown}


   Skills:
 + Level 4.6 Fighting
 + Level 1.0 Short Blades
 + Level 1.0 Long Blades
 + Level 1.0 Axes
 + Level 1.0 Maces & Flails
 + Level 1.0 Polearms
 + Level 4.6 Staves
 + Level 1.0 Slings
 + Level 1.0 Bows
 + Level 1.0 Crossbows
 + Level 1.0 Throwing
 + Level 1.0 Armour
 + Level 2.7 Dodging
 + Level 2.5 Stealth
 + Level 1.0 Shields
 + Level 1.0 Unarmed Combat
 + Level 2.9 Spellcasting
 + Level 0.8 Conjurations
 + Level 0.8 Hexes
 + Level 0.8 Summonings
 + Level 3.8 Necromancy
 + Level 0.8 Translocations
 + Level 0.8 Transmutations
 + Level 0.8 Fire Magic
 + Level 0.8 Ice Magic
 + Level 0.8 Air Magic
 + Level 0.8 Earth Magic
 + Level 0.8 Poison Magic
 + Level 1.1 Invocations
 + Level 2.7 Evocations


You had 7 spell levels left.
You knew the following spells:

 Your Spells              Type           Power        Failure   Level
a - Pain                  Necr           ##..         5%          1

Your spell library contained the following spells:

 Spells                   Type           Power        Failure   Level
 Vampiric Draining        Necr           ##........   16%         3


Dungeon Overview and Level Annotations

Branches:
Dungeon (2/15)

Altars:
Dithmenos
Xom


Innate Abilities, Weirdness & Mutations

Your experience applies equally to all skills.
You have very sharp teeth.
Your uncanny sense of smell can sniff out nearby items.


Message History

Your Crossbows skill increases to level 1!
Your Throwing skill increases to level 1!
Your Armour skill increases to level 1!
Your Shields skill increases to level 1!
Your Unarmed Combat skill increases to level 1!
Unknown command.
Unknown command.
Unknown command.
Found 4 gold pieces.
Your magical contamination has completely faded away.
You start resting.
A gnoll comes into view.
The gnoll shouts! x2
The gnoll writhes in agony.
The gnoll throws a throwing net.
The throwing net misses you.
Aim: a gnoll (heavily wounded, chance to defeat MR: 71%)
The gnoll struggles to resist.
Aim: a gnoll (heavily wounded, chance to defeat MR: 71%)
The gnoll writhes in agony.
The gnoll misses you.
You barely miss the gnoll. The gnoll barely misses you.
The gnoll closely misses you. The gnoll misses you.
You see here 4 gold pieces.
You thump the gnoll!
You kill the gnoll!
You have reached level 4!
You feel agile. The gnoll completely misses you.
The gnoll hits you with a +0 flail!
* * * LOW HITPOINT WARNING * * *
You see here a gnoll corpse.
Things that are here:
a +0 club; a gnoll corpse; a hobgoblin corpse
There is an escape hatch in the floor here.
You see here a rat corpse.
There is an open door here.
There is a stone staircase leading down here.
The gnoll misses you.
Aim: a gnoll, wielding a +0 flail (chance to defeat MR: 71%)
The gnoll writhes in agony.
Aim: a gnoll, wielding a +0 flail (moderately wounded, chance to defeat MR: 71%)
The gnoll writhes in agony.
The gnoll hits you with a +0 flail.
* * * LOW HITPOINT WARNING * * *
Aim: a gnoll, wielding a +0 flail (heavily wounded, chance to defeat MR: 71%)
The gnoll struggles to resist.
The gnoll completely misses you.
Aim: a gnoll, wielding a +0 flail (heavily wounded, chance to defeat MR: 71%)
The gnoll writhes in agony.
The gnoll closely misses you.
Aim: a gnoll, wielding a +0 flail (severely wounded, chance to defeat MR: 71%)
The gnoll writhes in agony.
The gnoll hits you with a +0 flail!
You die...

###......#### #...........#
∆ #......####.# ##.....##
#.# #..#'#..# #.#
###.##)##.####.#
##...#...#...##.#
#..####'####g.#.#
∆#.##.#...#.##@#.#
#.#..'...'..#.#.#
#.##.#...#.##.#.#
#..####'####..#.#
##...#...#...##.#
###.##.##.#..#.############
#..###..#(.#.#..........#
##.....##..#.#.########.#
######....#.#.# #.#


You could see a gnoll.

Vanquished Creatures
  2 gnolls (D:2)
  A worm (D:2)
  6 bats
  2 giant cockroaches (D:2)
  9 goblins
  7 hobgoblins
  A ball python (D:2)
  A frilled lizard (D:2)
  4 kobolds
  8 rats
41 creatures vanquished.

Notes
Turn   | Place    | Note
-------+----------+-------------------------------------------
     0 | D:1      | Apogee the Gnoll Wanderer began the quest for the Orb.
     0 | D:1      | Apogee set off with the following items: a +2 quarterstaff,
                  | a scroll of teleportation {@r4}, a +0 robe; and the
                  | following spell memorised: Pain; and the following spells
                  | available to memorise: Vampiric Draining
     0 | D:1      | Reached XP level 1. HP: 20/20 MP: 4/4
   418 | D:1      | Reached XP level 2. HP: 26/26 MP: 5/5
   845 | D:1      | Found a shimmering altar of Xom.
  1045 | D:2      | Reached XP level 3. HP: 25/31 MP: 7/7
  1303 | D:2      | Reached skill level 1 in Invocations
  1378 | D:2      | Found a shadowy altar of Dithmenos.
  1451 | D:2      | Reached skill level 1 in Short Blades
  1451 | D:2      | Reached skill level 1 in Long Blades
  1451 | D:2      | Reached skill level 1 in Axes
  1451 | D:2      | Reached skill level 1 in Maces & Flails
  1451 | D:2      | Reached skill level 1 in Polearms
  1451 | D:2      | Reached skill level 1 in Slings
  1451 | D:2      | Reached skill level 1 in Bows
  1451 | D:2      | Reached skill level 1 in Crossbows
  1451 | D:2      | Reached skill level 1 in Throwing
  1451 | D:2      | Reached skill level 1 in Armour
  1451 | D:2      | Reached skill level 1 in Shields
  1451 | D:2      | Reached skill level 1 in Unarmed Combat
  1469 | D:2      | Reached XP level 4. HP: 13/38 MP: 1/8
  1600 | D:2      | Slain by a gnoll

Illustrated notes

Levels and vault maps discovered:
D:1:      nagdon_arrival_double_spiral, layout_basic, xom_teletrap_fun
D:2:      cheibrodos_greedy_goblins, layout_basic, grunt_dithmenos_smoke

Skill      XL: |  1  2  3 |
---------------+----------+-----
Invocations    | 1 |  1.1
Short Blades   | 1 |  1.0
Long Blades    | 1 |  1.0
Axes           | 1 |  1.0
Maces & Flails | 1 |  1.0
Polearms       | 1 |  1.0
Slings         | 1 |  1.0
Bows           | 1 |  1.0
Crossbows      | 1 |  1.0
Throwing       | 1 |  1.0
Armour         | 1 |  1.0
Shields        | 1 |  1.0
Unarmed Combat | 1 |  1.0
Fighting       | |  4.6
Staves         | |  4.6
Dodging        | |  2.7
Stealth        | |  2.5
Spellcasting   | |  2.9
Conjurations   | |  0.8
Hexes          | |  0.8
Summonings     | |  0.8
Necromancy     | |  3.8
Translocations | |  0.8
Transmutations | |  0.8
Fire Magic     | |  0.8
Ice Magic      | |  0.8
Air Magic      | |  0.8
Earth Magic    | |  0.8
Poison Magic   | |  0.8
Evocations     | |  2.7

Action                   |  1- 3 |  4- 6 || total
-------------------------+-------+-------++-------
Melee: Quarterstaff      |    78 |       ||    78
       Bite              |     7 |       ||     7
 Cast: Pain              |    10 |     5 ||    15
 Stab: Sleeping          |    10 |       ||    10
Armor: Robe              |     9 |       ||     9
Dodge: Dodged            |    47 |     4 ||    51

Table legend: (Time is in decaauts)
 A = Elapsed time spent in this place.
 B = Non-inter-level travel time spent in this place.
 C = Inter-level travel time spent in this place.
 D = Time resting spent in this place.
 E = Time spent auto-exploring this place.
 F = Levels seen in this place.
 G = Mean time per level.
                   A        B        C        D        E       F      G
               +--------+--------+--------+--------+--------+-----+--------+
         Total |   1605 |   1590 |     15 |    103 |   1038 |   2 |  802.5 |
       Dungeon |   1605 |   1590 |     15 |    103 |   1038 |   2 |  802.5 |
               +--------+--------+--------+--------+--------+-----+--------+

Top non-repeatable levels by time:
     D:1: 1001 daAuts
     D:2: 603 daAuts
